 Dungeon Crawl Stone Soup version 0.28-a0-1520-gc3277d3759 (webtiles) character file.

Game seed: 10813855858520461546

613 funkygono the Firebug (level 7, -6/47 HPs)
             Began as a Human Fire Elementalist on Jan 17, 2022.
             Mangled by a wyvern zombie (9 damage)
             ... on level 5 of the Dungeon.
             The game lasted 00:07:04 (5984 turns).

funkygono the Firebug (Human Fire Elementalist)     Turns: 5984, Time: 00:07:05

Health: -6/47      AC:  4    Str:  8    XL:     7   Next: 73%
Magic:  4/14       EV: 12    Int: 17    God:
Gold:   99         SH:  0    Dex: 14    Spells: 5/15 levels left

rFire   . . .      SeeInvis .   k - +2 dagger (elec)
rCold   . . .      Faith    .   (no shield)
rNeg    . . .      Spirit   .   a - +0 robe
rPois   .          Reflect  .   (no helmet)
rElec   .          Harm     .   n - +0 cloak
rCorr   .          Rampage  .   (no gloves)
Will    .....                   i - +0 pair of boots
Stlth   ++........              l - amulet of the acrobat
HPRegen 0.15/turn               (no ring)
MPRegen 0.14/turn               (no ring)

@: no status effects
A: no striking features
a: no special abilities


You were on level 5 of the Dungeon.
You visited 1 branch of the dungeon, and saw 5 of its levels.

You collected 99 gold pieces.

Inventory:

Hand Weapons
 b - a +2 dagger of venom
 d - a +1 whip of venom
 k - a +2 dagger of electrocution (weapon)
 m - a +4 quarterstaff of chaos
Missiles
 c - 115 stones
 h - a throwing net
Armour
 a - a +0 robe (worn)
 i - a +0 pair of boots (worn)
 n - a +0 cloak (worn)
 p - a +0 buckler
Jewellery
 l - an amulet of the acrobat (around neck)
 o - a ring of protection from fire
Wands
 j - a wand of flame (19)
Scrolls
 e - 2 scrolls of teleportation
Potions
 f - 2 potions of berserk rage {unknown}
 g - 2 potions of lignification
 q - 2 potions of mutation {unknown}


   Skills:
 + Level 0.3 Fighting
 + Level 0.3 Short Blades
 + Level 2.1 Dodging
 - Level 2.0 Stealth
 * Level 4.7 Spellcasting
 * Level 3.0 Conjurations
 * Level 6.0 Fire Magic


You had 5 spell levels left.
You knew the following spells:

 Your Spells              Type           Power      Damage    Failure   Level
a - Foxfire               Conj/Fire      76%        2x1d7     2%          1
b - Scorch                Fire           48%        2d7       1%          2
c - Conjure Flame         Conj/Fire      19%        6-21      7%          3
d - Flame Wave            Conj/Fire      19%        2d5       22%         4

Your spell library contained the following spells:

 Spells                   Type           Power      Damage    Failure   Level
 Inner Flame              Hex/Fire       14%        N/A       13%         3
 Ensorcelled Hibernation  Hex/Ice        6%         N/A       22%         2
 Spider Form              Tmut/Pois      3%         N/A       41%         3
 Anguish                  Hex/Necr       1%         N/A       82%         4


Dungeon Overview and Level Annotations

Branches:
Dungeon (5/15)
 Temple: D:4-7

Altars:
Cheibriados
Kikubaaqudgha
Uskayaw

Shops:
D:2 *


Message History

The water moccasin skeleton closely misses you.
Casting: Foxfire (safe; 2% risk of failure)
Confirm with . or Enter, or press ? or * to list all spells.
You conjure some foxfire!
The foxfire hits the water moccasin skeleton.
The water moccasin skeleton is lightly damaged.
The wyvern zombie barely misses you. The water moccasin skeleton bites you.
Casting: Foxfire (safe; 2% risk of failure)
Confirm with . or Enter, or press ? or * to list all spells.
You conjure some foxfire!
The foxfire hits the water moccasin skeleton.
The water moccasin skeleton is moderately damaged.
The foxfire hits the wyvern zombie.
The wyvern zombie is lightly damaged.
The foxfire hits the water moccasin skeleton!
The water moccasin skeleton is heavily damaged.
The wyvern zombie bites you but does no damage.
The water moccasin skeleton closely misses you.
Casting: Foxfire (safe; 2% risk of failure)
Confirm with . or Enter, or press ? or * to list all spells.
Flames lash the water moccasin skeleton.
The water moccasin skeleton is almost destroyed.
The water moccasin skeleton's fire resistance burns away.
The foxfire hits the water moccasin skeleton.
The water moccasin skeleton is burned terribly!
You destroy the water moccasin skeleton!
The wyvern zombie bites you!
* * * LOW HITPOINT WARNING * * *
The wyvern zombie bites you!
* * * LOW HITPOINT WARNING * * *
Your Conjurations skill increases to level 3!
Your Fire Magic skill increases to level 6!
Casting: Scorch (safe; 1% risk of failure)
Confirm with . or Enter, or press ? or * to list all spells.
Flames lash the wyvern zombie.
The wyvern zombie is moderately damaged.
The wyvern zombie's fire resistance burns away.
You hear a shout!
The wyvern zombie bites you!
You die...

##. .). #.# #.#
#.# #.#
#######.#######
#.............#
#....@#<#####.#
.......Z#.#
........#.#
........#.#
.......##.#
....... #..
....... ###
#......


You could see a wyvern zombie (combustible).

Vanquished Creatures
  An ogre (D:4)
  2 scorpions (D:4)
  2 water moccasin skeletons
  An orc priest (D:3)
  A hound (D:3)
  Crazy Yiuf (D:3)
  Ijyb (D:3)
  An orc wizard (D:3)
  A hound skeleton (D:4)
  7 adders
  A gnoll (D:1)
  An ufetubus (D:4)
  An adder skeleton (D:4)
  2 worms
  3 orcs
  5 bats
  7 endoplasms
  7 giant cockroaches
  5 goblins
  7 hobgoblins
  4 jackals (D:2)
  11 kobolds
  6 quokkas
  8 ball pythons
  5 frilled lizards
  3 rats (D:3)
94 creatures vanquished.

Vanquished Creatures (others)
  319 foxfires
  4 plants (D:3)
323 creatures vanquished.

Grand Total: 417 creatures vanquished

Notes
Turn   | Place    | Note
-------+----------+-------------------------------------------
     0 | D:1      | funkygono the Human Fire Elementalist began the quest for
                  | the Orb.
     0 | D:1      | Reached XP level 1. HP: 13/13 MP: 3/3
   170 | D:1      | Reached XP level 2. HP: 17/19 MP: 1/5
   657 | D:1      | Reached XP level 3. HP: 24/24 MP: 3/6
   660 | D:1      | Learned a level 2 spell: Scorch
   664 | D:1      | Learned a level 3 spell: Conjure Flame
  1418 | D:2      | Found Usingeq's General Store.
  1456 | D:2      | Reached skill level 4 in Fire Magic
  1456 | D:2      | Reached XP level 4. HP: 30/30 MP: 0/7
  2548 | D:3      | Reached XP level 5. HP: 20/35 MP: 1/9
  2896 | D:3      | Noticed a torpor snail
  2898 | D:3      | Found a snail-covered altar of Cheibriados.
  2939 | D:3      | Noticed a torpor snail
  2940 | D:3      | Noticed a torpor snail
  3007 | D:3      | Found a hide-covered altar of Uskayaw.
  3174 | D:3      | Found a runed translucent door.
  3175 | D:3      | Noticed Crazy Yiuf
  3415 | D:3      | Reached XP level 6. HP: 41/41 MP: 2/11
  3550 | D:3      | Noticed Ijyb
  3559 | D:3      | Killed Ijyb
  3750 | D:3      | Reached skill level 5 in Fire Magic
  4145 | D:3      | Killed Crazy Yiuf
  4183 | D:3      | Learned a level 4 spell: Flame Wave
  4635 | D:4      | Noticed an ogre
  4642 | D:4      | Killed an ogre
  4643 | D:4      | Reached XP level 7. HP: 47/47 MP: 2/13
  5409 | D:4      | Found an ancient bone altar of Kikubaaqudgha.
  5973 | D:5      | Entered Level 5 of the Dungeon
  5983 | D:5      | HP: 2/47 [wyvern zombie (9)]
  5984 | D:5      | Reached skill level 6 in Fire Magic
  5984 | D:5      | Mangled by a wyvern zombie

Illustrated notes

Levels and vault maps discovered:
D:1:      saegor_arrival_simple_c, layout_loops_corners
D:2:      layout_basic, serial_shops, nicolae_shop_statue_plus
D:3:      layout_basic, cheibriados_altar_2, eat_drink_and_be_merry_uskayaw,
          serial_bayou_pond_b, uniq_crazy_yiuf_cottage, uniq_ijyb
D:4:      layout_layer_cave, kiku_gazebo_pond_becter, minmay_crystal_room,
          amcnicky_mini_rare_corridor_liquid, chequers_serial_rivers_room_b,
          item_on_display_a
D:5:      layout_loops_ring, mainiacjoe_overflow_boulevard,
          ebering_ghost_rock_garden, item_on_display_a, uniq_pikel

Skill      XL: |  1  2  3  4  5  6  7 |
---------------+----------------------+-----
Fire Magic     | 4 5 6 |  6.0
Spellcasting   | 3 4 |  4.7
Conjurations   | 2 3 |  3.0
Fighting       | |  0.3
Short Blades   | |  0.3
Dodging        | |  2.1
Stealth        | |  2.0

Action                   |  1- 3 |  4- 6 |  7- 9 || total
-------------------------+-------+-------+-------++-------
Melee: Dagger            |     8 |    20 |       ||    28
       Punch             |     1 |       |       ||     1
 Cast: Foxfire           |    43 |   102 |    40 ||   185
       Scorch            |     3 |    16 |     5 ||    24
       Conjure Flame     |       |     1 |       ||     1
  Use: Scroll            |     3 |     2 |     1 ||     6
Armor: Robe              |     1 |     3 |     2 ||     6
Dodge: Dodged            |     6 |    26 |     4 ||    36

Table legend: (Time is in decaauts)
 A = Elapsed time spent in this place.
 B = Non-inter-level travel time spent in this place.
 C = Inter-level travel time spent in this place.
 D = Time resting spent in this place.
 E = Time spent auto-exploring this place.
 F = Levels seen in this place.
 G = Mean time per level.
                   A        B        C        D        E       F      G
               +--------+--------+--------+--------+--------+-----+--------+
         Total |   5985 |   5910 |     75 |      4 |   5194 |   5 | 1197.0 |
       Dungeon |   5985 |   5910 |     75 |      4 |   5194 |   5 | 1197.0 |
               +--------+--------+--------+--------+--------+-----+--------+

Top non-repeatable levels by time:
     D:4: 1761 daAuts
     D:3: 1748 daAuts
     D:1: 1358 daAuts
     D:2: 1106 daAuts
     D:5: 10 daAuts
